 Dungeon Crawl Stone Soup version 0.19-a0-1019-g9c6a58d (webtiles) character file.

707 inmateoo the Cudgeler (level 7, 0/44 HPs)
             Began as a Gargoyle Fighter on July 27, 2016.
             Slain by an ogre
             ... wielding a +0 giant club
              (15 damage)
             ... on level 5 of the Dungeon.
             The game lasted 00:05:09 (5083 turns).

inmateoo the Cudgeler (Gargoyle Fighter)            Turns: 5083, Time: 00:05:10

Health: 0/44       AC: 13    Str: 22    XL:     7   Next: 67%
Magic:  7/7        EV:  7    Int:  8    God:
Gold:   278        SH: 10    Dex:  9    Spells: 0 memorised, 6 levels left

rFire  . . .     SeeInvis .     a - +1 flail
rCold  . . .     Gourm    .     b - +0 scale mail
rNeg   + + .     Faith    .     c - +0 shield
rPois  ∞         Spirit   .     (no helmet)
rElec  +         Dismiss  .     (no cloak)
rCorr  .         Reflect  .     (no gloves)
SustAt +         Harm     .     v - +0 pair of boots
MR     .....                    (no amulet)
Stlth  ..........               l - ring of sustain attributes
                                p - ring of positive energy

@: not resistant to hostile enchantments, extremely unstealthy
A: negative energy resistance 1, electricity resistance, unbreathing,
petrification resistance, rot immunity, AC +4
a: no special abilities


You were on level 5 of the Dungeon.
You were very hungry.

You visited 1 branch of the dungeon, and saw 5 of its levels.

You collected 278 gold pieces.

Inventory:

Hand Weapons
 a - a +1 flail (weapon)
Armour
 b - a +0 scale mail (worn)
 c - a +0 shield (worn)
 v - a +0 pair of boots (worn)
Jewellery
 l - a ring of sustain attributes (right hand)
 p - a ring of positive energy (left hand)
 w - an uncursed ring of fire
Wands
 m - a wand of disintegration (10/24)
 q - a wand of acid (10/15)
Scrolls
 i - 5 scrolls of teleportation
 s - a scroll of magic mapping
 t - a scroll of recharging
 x - a scroll of identify
Potions
 d - a potion of might
 j - a potion of heal wounds
 n - 2 potions of haste {unknown}
 u - a potion of brilliance {unknown}
Books
 e - a Necronomicon

   Spells                             Type                      Level
   a - Haunt                          Necromancy/Summoning         7
   b - Borgnjor's Revivification      Necromancy                   8
   c - Death's Door                   Charms/Necromancy            8
   d - Infestation                    Necromancy                   8
   e - Necromutation                  Transmutation/Necromancy     8
Comestibles
 f - 4 bread rations
 g - a beef jerky
 h - a fruit
 k - 2 royal jellies
 o - a meat ration


   Skills:
 + Level 5.0 Fighting
 * Level 5.4 Maces & Flails
 + Level 5.2 Armour
 + Level 5.2 Shields


You had 6 spell levels left.
You didn't know any spells.

Dungeon Overview and Level Annotations

Branches:
Dungeon (5/15)             Temple (0/1) D:5

Altars:
Dithmenos
Nemelex Xobeh
Okawaru
Zin

Shops:
D:4 :


Innate Abilities, Weirdness & Mutations

You are resistant to torment.
Your stone body is resilient. (AC +4)
You are immune to poison.
You resist negative energy. (rN+)
You are resistant to electric shocks. (rElec)
You can survive without breathing.
You are immune to petrification.
You are immune to rotting.


Message History

* * * LOW HITPOINT WARNING * * *
You are too injured to fight recklessly!
You are too injured to fight recklessly!
Unknown command.
A crimson imp comes into view.
The crimson imp shouts!
The crimson imp blinks!
You block the crimson imp's attack.
The crimson imp hits you but does no damage.
The crimson imp shouts, "Get thee hence, thou jarring hedge-born slabber!"
There is a stone staircase leading up here.
The crimson imp blinks!
The crimson imp blinks!
The crimson imp blinks!
You sock the crimson imp!
The crimson imp is severely wounded.
The ogre closely misses you.
The crimson imp blinks!
Unknown command.
The ogre hits you with a giant club!
You die...

########...##.
##.........####
##..#.......####
##..####.........
###..## ##.....##.
#...## #..######
#..## #.## #.5##
#.## ##@.## ##..##
##O.#####.)..#####
##...##...........
#...###.....######
##.### #.....## #
###.## ##..#..#
#..## #.###.##
#<.# ##.# ##.###
#..# #.## ##..##


You could see an ogre and a crimson imp.

Vanquished Creatures
  An orc warrior (D:4)
  A scorpion (D:4)
  2 howler monkeys (D:4)
  An orc priest (D:3)
  A centaur skeleton (D:5)
  2 hounds
  2 orc wizards (D:4)
  4 worker ants
  A hound skeleton (D:4)
  9 adders
  3 gnolls (D:3)
  A shadow imp (D:5)
  A worm (D:4)
  3 dart slugs
  3 giant geckos
  11 orcs
  10 bats
  5 giant cockroaches
  4 goblins
  7 hobgoblins
  5 kobolds
  A ball python skeleton (D:4)
  A ball python zombie (D:5)
  3 giant newts
  7 rats
89 creatures vanquished.

Notes
Turn   | Place    | Note
-------+----------+-------------------------------------------
     0 | D:1      | inmateoo the Gargoyle Fighter began the quest for the Orb.
     0 | D:1      | Reached XP level 1. HP: 14/14 MP: 1/1
   162 | D:1      | Reached XP level 2. HP: 17/19 MP: 2/2
   542 | D:1      | Reached XP level 3. HP: 23/23 MP: 3/3
  1086 | D:2      | Found a sparkling altar of Nemelex Xobeh.
  1321 | D:3      | Reached XP level 4. HP: 28/28 MP: 4/4
  1589 | D:3      | Reached XP level 5. HP: 20/33 MP: 5/5
  2050 | D:3      | Found an iron altar of Okawaru.
  2383 | D:4      | Found Curah's Book Shoppe.
  2455 | D:4      | Noticed an orc warrior
  2457 | D:4      | Found a shadowy altar of Dithmenos.
  2469 | D:4      | Reached XP level 6. HP: 19/38 MP: 6/6
  2504 | D:4      | Killed an orc warrior
  3040 | D:4      | Reached XP level 7. HP: 44/44 MP: 7/7
  3110 | D:4      | Reached skill level 5 in Armour
  3110 | D:4      | Reached skill level 5 in Shields
  3479 | D:4      | Reached skill level 5 in Maces & Flails
  4203 | D:4      | Noticed an angel
  4204 | D:4      | Found a glowing silver altar of Zin.
  4277 | D:5      | Entered Level 5 of the Dungeon
  4529 | D:5      | Reached skill level 5 in Fighting
  4586 | D:5      | Found a staircase to the Ecumenical Temple.
  5083 | D:5      | Slain by an ogre

Vault maps used:
D:1:      roderic_dead_forest
D:2:      nicolae_overflow_hidden_temple
D:3:      kennysheep_okawaru_gauntlet
D:4:      zin_angel, lemuel_crystal_altar, serial_shops,
          nicolae_shop_waterfront, first_bread

Skill      XL: |  1  2  3  4  5  6  7 |
---------------+----------------------+-----
Shields        | 4 5 |  5.2
Maces & Flails | 3 4 5 |  5.4
Armour         | 4 5 |  5.2
Fighting       | 4 5 |  5.0

Action                   |  1- 3 |  4- 6 |  7- 9 || total
-------------------------+-------+-------+-------++-------
Melee: Flail             |   139 |   225 |   118 ||   482
  Use: Scroll            |     6 |     1 |     5 ||    12
       Potion            |       |     4 |       ||     4
  Eat: Chunk             |     1 |     7 |     4 ||    12
       Fruit             |       |       |     1 ||     1
Armor: Scale mail        |    74 |    87 |    65 ||   226
       Skin              |       |    19 |       ||    19
Dodge: Dodged            |    55 |    61 |    34 ||   150
Block: Shield            |    73 |   122 |    76 ||   271
